 Dungeon Crawl Stone Soup version 0.30.0-10-gfe55d96785 (webtiles) character file.

Game seed: 15207362621543401064

141 qw the Chopper (level 5, -7/32 HPs)
             Began as a Gargoyle Cinder Acolyte on May 16, 2023.
             Was an Elder of Ignis.
             Killed by divine providence
             ... invoked by an orc priest
              (13 damage)
             ... on level 3 of the Dungeon.
             The game lasted 00:01:36 (2851 turns).

qw the Chopper (Gargoyle Cinder Acolyte)            Turns: 2851, Time: 00:01:37

Health: -7/32      AC: 17    Str: 19    XL:     5   Next: 24%
Magic:  6/6        EV: 10    Int: 15    God:    Ignis [****..]
Gold:   231        SH:  3    Dex:  5    Spells: 6/6 levels left

rFire   + . .        Y - -1 hand axe (flame)
rCold   . . .        b - +0 buckler
rNeg    + . .        h - +0 ring mail
rPois   inf          (no helmet)
rElec   +            (no cloak)
rCorr   .            j - +0 pair of gloves
SInv    .            (no boots)
Will    .....        (no amulet) Stlth
                     (no ring)
HPRegen 0.25/turn    (no ring)
MPRegen 0.10/turn

%: no passive effects
@: about to teleport, fiery-armoured
A: sickness immunity, AC +4, negative energy resistance 1, electricity
resistance, torment resistance 1, petrification resistance
a: Renounce Religion, Fiery Armour, Foxfire Swarm, Rising Flame


You were on level 3 of the Dungeon.
You worshipped Ignis.
Ignis was greatly pleased with you.
You visited 1 branch of the dungeon, and saw 3 of its levels.

You collected 231 gold pieces.


Innate Abilities, Weirdness & Mutations

You are immune to sickness and miasma.
Your stone body is resilient. (AC +4)
You are immune to poison.
You resist negative energy. (rN+)
You are resistant to electric shocks. (rElec)
You are resistant to unholy torment.
You are immune to petrification.


   Skills:
 - Level 3.2 Fighting
 + Level 4.6 Axes
 - Level 1.2 Armour
 - Level 2.0 Shields
 - Level 1.0 Spellcasting
 - Level 3.0 Fire Magic


You had 6 spell levels left.
You didn't know any spells.
Your spell library contained the following spells:

 Spells                   Type           Power      Damage    Failure   Level
 Scorch                   Fire           18%        2d6       24%         2

Inventory:

Hand Weapons
 Y - a -1 hand axe of flaming (weapon)
Armour
 b - a +0 buckler (worn)
 h - a +0 ring mail (worn)
 j - a +0 pair of gloves (worn)
Jewellery
 a - a ring of flight
Scrolls
 f - a scroll of amnesia {unknown}
 m - a scroll of noise {unknown}
 n - a scroll of vulnerability {unknown}
Potions
 c - a potion of haste {unknown}
 d - 2 potions of cancellation
 e - a potion of curing {unknown}
 i - 3 potions of heal wounds {unknown}
 k - a potion of degeneration {unknown}
 l - a potion of lignification {unknown}

Dungeon Overview and Level Annotations

Branches:
Dungeon (3/15)

Altars:

Annotations:
D:3 2 transporters


Message History

3 orcs and 2 orc priests come into view.
Found a bone ring.
The orc shouts! x2; The orc priest shouts!
2841 ||| INVOKING Fiery Armour.
A protective cloak of flame settles atop you.
The orc closely misses you.
You hit the orc. You burn the orc.
The orc is heavily wounded.
The orc hits you but does no damage.
The orc is burned by your cloak of flames.
The orc is almost dead.
You completely miss the orc.
The orc is almost dead.
You barely miss the orc.
The orc priest looks braver for a moment.
You hit the orc. You burn the orc.
You kill the orc!
The orc priest looks satisfied for a moment.
You barely miss the orc.
The orc is almost dead.
You hit the orc priest but do no damage.
The orc hits you with a +0 flail.
The orc is burned by your cloak of flames.
You kill the orc!
The orc priest barely misses you.
You hit the orc priest but do no damage.
The orc priest invokes the aid of Beogh against you.
Pain shoots through your body!
You hit the orc priest but do no damage.
The orc priest mumbles some strange prayers to Beogh against you.
Beogh smites you!
2849 ||| READING scroll of teleportation.
As you read the scroll of teleportation, it crumbles to dust.
You feel strangely unstable.
You closely miss the orc priest. The orc priest hits you with a +0 club.
You completely miss the orc priest. You closely miss the orc priest.
The orc priest mumbles some strange prayers to Beogh against you.
Beogh smites you!
You die...

.#.#'#....# #.#
..........# #.#
..........# #.#
........).# #.#
..........# #.#
..........# ####.#
...#.###+#######.##.#
...#.# .....ooo#..#
...#.# #@#..# ####.#
#.#..# .....# #.#..#
.....######## #.#..#
............# #.#..#
............# #.#..#
####........# #.#<.#
............####....#
...##......)+[...#.##


You could see 2 orc priests and an orc.

Vanquished Creatures
  An adder (D:3)
  4 gnolls (D:3)
  A worm (D:2)
  3 dart slugs (D:1)
  14 orcs
  6 endoplasms
  5 giant cockroaches (D:1)
  5 goblins
  3 hobgoblins (D:1)
  4 jackals (D:3)
  2 quokkas
  4 ball pythons
  5 bats
  2 frilled lizards
  A kobold (D:3)
  7 rats
67 creatures vanquished.

Notes
Turn   | Place    | Note
-------+----------+-------------------------------------------
     0 | D:1      | qw the Gargoyle Cinder Acolyte began the quest for the Orb.
     0 | D:1      | Reached XP level 1. HP: 14/14 MP: 2/2
     0 | D:1      | 0 ||| qw: Version: 0.2-a-94-g0ecc84f
     0 | D:1      | 0 ||| qw: Game counter: 53
     0 | D:1      | 0 ||| qw: Always use a shield: true
     0 | D:1      | 0 ||| qw: God list: Okawaru
     0 | D:1      | 0 ||| qw: Allow faded altars: false
     0 | D:1      | 0 ||| qw: Do Orc after D:15 true
     0 | D:1      | 0 ||| qw: Do second Lair branch before Depths: true
     0 | D:1      | 0 ||| qw: Lair rune preference: random
     0 | D:1      | 0 ||| qw: Plans: Normal
     0 | D:1      | 0 ||| PLANNING D:1-11
     2 | D:1      | Noticed an electric eel
    33 | D:1      | 33 ||| Stepping ~*~*~tactically~*~*~ (stealth).
   116 | D:1      | Reached skill level 3 in Axes
   222 | D:1      | 222 ||| Stepping ~*~*~tactically~*~*~ (water).
   225 | D:1      | Reached XP level 2. HP: 19/19 MP: 3/3
   243 | D:1      | 243 ||| Stepping ~*~*~tactically~*~*~ (hiding).
   605 | D:1      | 605 ||| Stepping ~*~*~tactically~*~*~ (stealth).
   606 | D:1      | 606 ||| Stepping ~*~*~tactically~*~*~ (stealth).
   667 | D:1      | Reached XP level 3. HP: 20/23 MP: 4/4
   987 | D:1      | Found a faded altar of an unknown god.
  1035 | D:1      | 1035 ||| READING scroll labelled ABLAD SUOTE.
  1036 | D:1      | 1036 ||| READING scroll labelled GIOXKO QUNOUMO.
  1037 | D:1      | 1037 ||| READING scroll labelled BIP EBITTI.
  1077 | D:2      | Reached skill level 4 in Axes
  1275 | D:2      | 1275 ||| INVOKING Fiery Armour.
  1279 | D:2      | HP: 5/23 [goblin/sling bullet (1)]
  1475 | D:2      | 1475 ||| INVOKING Fiery Armour.
  1891 | D:2      | 1891 ||| UPGRADING to +0 leather armour.
  1901 | D:2      | 1901 ||| DROPPING +0 robe.
  1902 | D:2      | 1902 ||| UPGRADING to +0 ring mail.
  1912 | D:2      | 1912 ||| DROPPING +0 leather armour.
  1913 | D:2      | 1913 ||| UPGRADING to +0 pair of gloves.
  1918 | D:2      | 1918 ||| READING scroll labelled IFAGHI CEYMOR.
  1921 | D:2      | 1921 ||| READING scroll labelled DUCOYF FOUVUUF.
  2022 | D:2      | 2022 ||| READING scroll labelled MORIET HOODUQA.
  2023 | D:2      | 2023 ||| DRINKING 3 glowing sapphire potions.
  2169 | D:3      | Found a transporter.
  2170 | D:3      | 2170 ||| UPGRADING to +0 buckler.
  2176 | D:3      | 2176 ||| INVOKING Fiery Armour.
  2181 | D:3      | Reached skill level 1 in Shields
  2181 | D:3      | Reached XP level 4. HP: 13/28 MP: 5/5
  2192 | D:3      | HP: 5/28 [gnoll/+0 spear (5)]
  2193 | D:3      | Reached skill level 1 in Armour
  2194 | D:3      | HP: 2/28 [gnoll/+0 spear (2)]
  2452 | D:3      | 2452 ||| Stepping ~*~*~tactically~*~*~ (stealth).
  2456 | D:3      | Reached XP level 5. HP: 32/32 MP: 6/6
  2586 | D:3      | Found a transporter.
  2748 | D:3      | 2748 ||| Stepping ~*~*~tactically~*~*~ (stealth).
  2841 | D:3      | 2841 ||| INVOKING Fiery Armour.
  2848 | D:3      | HP: 8/32 [orc priest/divine providence (15)]
  2849 | D:3      | 2849 ||| READING scroll of teleportation.
  2851 | D:3      | Killed from afar by an orc priest

Levels and vault maps discovered:
D:1:      arrival_aquarium_a, layout_loops_corners,
          shapermc_ecumenical_altar_notcrosses, st_stairs_2, serial_park_tiny_1,
          serial_bayou_ford_a
D:2:      layout_basic, minmay_domino_2
D:3:      gammafunk_wand_slinger, layout_basic

Skill      XL: |  1  2  3  4 |
---------------+-------------+-----
Axes           | 3 4 |  4.6
Shields        | 1 2 |  2.0
Armour         | 1 |  1.2
Fighting       | |  3.2
Spellcasting   | |  1.0
Fire Magic     | |  3.0

Action                     |  1- 3 |  4- 6 || total
---------------------------+-------+-------++-------
  Melee: Hand axe          |   164 |   102 ||   266
         Punch             |     1 |       ||     1
 Invoke: Fiery Armour      |     3 |     1 ||     4
    Use: Scroll            |     6 |     1 ||     7
         Potion            |     1 |       ||     1
 Armour: Robe              |    60 |       ||    60
         Ring mail         |    10 |    48 ||    58
  Dodge: Dodged            |   114 |    43 ||   157
  Block: Buckler           |       |     7 ||     7

Table legend:
 A = Non-vault XP
 B = Vault XP
 C = Vault XP percentage of total XP
 D = Non-vault monster count
 E = Vault monster count
 F = Vault count percentage of total count
                 A         B        C        D         E       F
            +---------+---------+-------+---------+---------+-------
      Total |     195 |       7 |   3.5 |      62 |       5 |   7.5
            +---------+---------+-------+---------+---------+-------
        D:1 |      42 |       6 |  12.5 |      20 |       4 |  16.7
        D:2 |      23 |       1 |   4.2 |      12 |       1 |   7.7
        D:3 |     130 |       0 |   0.0 |      30 |       0 |   0.0
            +---------+---------+-------+---------+---------+-------
